 Dungeon Crawl Stone Soup version 0.27.1-33-g824d729ab1 (webtiles) character file.

Game seed: 7535616973189455524

95 markar the Chucker (level 4, 0/67 HPs)
             Began as an Ogre Hunter on Dec 13, 2021.
             Succumbed to an adder's poison
             ... on level 3 of the Dungeon.
             The game lasted 00:08:25 (3791 turns).

markar the Chucker (Ogre Hunter)                    Turns: 3791, Time: 00:08:26

Health: 0/67       AC:  3    Str: 17    XL:     4   Next: 66%
Magic:  4/4        EV: 10    Int: 12    God:
Gold:   93         SH:  0    Dex:  9    Spells: 3/3 levels left

rFire    . . .     SeeInvis .   t - +0 mace
rCold    . . .     Faith    .   (no shield)
rNeg     . . .     Spirit   .   b - +0 robe
rPois    .         Reflect  .   (helmet restricted)
rElec    .         Harm     .   (no cloak)
rCorr    .         Rampage  .   (gloves unavailable)
Will     .....                  (boots unavailable)
Stlth    ..........             (no amulet)
HPRegen  0.21/turn              (no ring)
MPRegen  0.09/turn              (no ring)

@: berserking, lethally poisoned (0 -> -4), hasted, very quick
A: large, unfitting armour, tough skin 1
a: no special abilities


You were on level 3 of the Dungeon.
You visited 1 branch of the dungeon, and saw 4 of its levels.

You collected 93 gold pieces.

Inventory:

Hand Weapons
 a - a +0 quarterstaff
 f - a +0 club
 t - a +0 mace (weapon)
Missiles
 c - 5 large rocks
 d - 2 throwing nets
 j - 5 boomerangs
 k - 8 poisoned darts (quivered)
Armour
 b - a +0 robe (worn)
Scrolls
 e - a scroll of teleportation {unknown}
 i - 2 scrolls of vulnerability {unknown}
 n - a scroll of identify {unknown}
 p - 2 scrolls of blinking {unknown}
 q - a scroll of magic mapping {unknown}
 r - a scroll of immolation {unknown}
Potions
 l - a potion of degeneration {unknown}
 m - a potion of resistance {unknown}
 o - a potion of curing {unknown}
 s - 2 potions of heal wounds {unknown}
 u - a potion of attraction {unknown}


   Skills:
 + Level 3.3 Fighting
 + Level 1.9 Maces & Flails
 - Level 4.6 Throwing
 + Level 2.5 Dodging
 - Level 0.6 Stealth


You had 3 spell levels left.
You didn't know any spells.
Your spell library contained the following spells:

 Spells                   Type           Power      Damage    Failure   Level
 Blink                    Tloc           N/A        N/A       45%         2
 Lesser Beckoning         Tloc           0%         N/A       69%         3
 Tukima's Dance           Hex            0%         N/A       69%         3
 Passage of Golubria      Tloc           N/A        N/A       97%         4
 Iskenderun's Battlesphe  Conj           0%         2d6       100%        5
 Manifold Assault         Tloc           0%         N/A       100%        5
 Yara's Violent Unravell  Hex/Tmut       0%         3d3       100%        5
 Iron Shot                Conj/Erth      0%         9d1       100%        6
 Spellforged Servitor     Conj/Summ      0%         N/A       100%        7


Dungeon Overview and Level Annotations

Branches:
Dungeon (4/15)
 Temple: D:4-7

Altars:
Elyvilon
Okawaru

Shops:
D:2 [


Innate Abilities, Weirdness & Mutations

You are too large for most types of armour.
You have tough skin. (AC +1)


Message History

There is a stone staircase leading down here.
You thump the adder!
The adder is severely wounded.
You feel sick. The adder barely misses you. The orc closely misses you.
The adder bites you.
You are more poisoned.
The adder poisons you!
You miss the adder.
The adder is severely wounded.
You feel sick. The adder barely misses you. The orc hits you with a +0 whip.
The adder bites you.
You are more poisoned.
The adder poisons you! The orc hits you with a +0 whip.
You closely miss the adder.
The adder is severely wounded.
You feel very sick. The adder closely misses you.
The orc hits you with a +0 whip. The adder misses you.
You miss the adder.
The adder is severely wounded.
You feel very sick. The adder barely misses you.
The orc hits you with a +0 whip.
* * * LOW HITPOINT WARNING * * *
It was a potion of haste.
You feel yourself speed up.
* * * LOW HITPOINT WARNING * * *
You feel sick. The adder bites you.
* * * LOW HITPOINT WARNING * * *
The orc hits you with a +0 whip.
* * * LOW HITPOINT WARNING * * *
The adder barely misses you.
It was a potion of berserk rage.
A red film seems to cover your vision as you go berserk!
You feel yourself moving faster!
You feel mighty!
* * * LOW HITPOINT WARNING * * *
You feel sick. The orc hits you with a +0 whip.
* * * LOW HITPOINT WARNING * * *
You are too berserk!
You closely miss the adder.
The adder is severely wounded.
You die...

#..###########...
#........#.......
##.........#.#...
#........#..#...
##..............
##.......###.... #>).....##
###.. ###.#.....# ##.
####@..#.....# ####
##..So###.....# #... #..####
############## ##.##
#..#8##8##8# #######..##
####........... #.........#
#...(##8##8##8#
#.........#####.#############
#.........#.<...# #
#...†.......#####


You could see an adder and an orc.

Vanquished Creatures
  Terence (D:3)
  A hound zombie (D:3)
  A dart slug (D:1)
  3 orcs
  4 endoplasms
  A giant cockroach (D:1)
  5 goblins
  6 hobgoblins
  5 quokkas
  5 ball pythons
  4 bats
  4 frilled lizards
  3 kobolds
  8 rats
51 creatures vanquished.

Notes
Turn   | Place    | Note
-------+----------+-------------------------------------------
     0 | D:1      | markar the Ogre Hunter began the quest for the Orb.
     0 | D:1      | Reached XP level 1. HP: 22/22 MP: 1/1
   443 | D:1      | Reached XP level 2. HP: 26/29 MP: 2/2
  1287 | D:1      | Reached XP level 3. HP: 33/36 MP: 3/3
  2043 | D:2      | Found Fackunir's Armour Boutique.
  2555 | D:2      | Reached skill level 1 in Maces & Flails
  2607 | D:2      | Found an iron altar of Okawaru.
  2941 | D:3      | Reached XP level 4. HP: 37/45 MP: 4/4
  3003 | D:3      | Found a faded altar of an unknown god.
  3166 | D:3      | Noticed Terence
  3196 | D:3      | Found a white marble altar of Elyvilon.
  3332 | D:3      | Killed Terence
  3790 | D:3      | HP: 1/67 [orc (3)]
  3791 | D:3      | Succumbed to an adder's poison

Illustrated notes

Levels and vault maps discovered:
D:1:      giann_forest_graveyard, layout_loops_ring, minmay_crystal_room
D:2:      layout_loops_cross, basic_altar, serial_shops, shop
D:3:      layout_rooms, nicolae_elyvilon_temple_path,
          dreamdust_ecumenical_altar_statues, amcnicky_mini_corridor_feature,
          uniq_terence
D:4:      layout_loops_ring, mainiacjoe_overflow_big_doors, serial_shops,
          nicolae_stop_n_shop_1, kennysheep_generic_room_12

Skill      XL: |  1  2  3 |
---------------+----------+-----
Dodging        | 2 |  2.5
Maces & Flails | 1 |  1.9
Fighting       | 3 |  3.3
Throwing       | |  4.6
Stealth        | |  0.6

Action                   |  1- 3 |  4- 6 || total
-------------------------+-------+-------++-------
Melee: Short sword       |    39 |       ||    39
       Club              |   165 |    11 ||   176
       Mace              |       |    27 ||    27
Throw: Dart              |       |     2 ||     2
  Use: Potion            |       |     2 ||     2
Armor: Robe              |    84 |    11 ||    95
Dodge: Dodged            |   119 |    23 ||   142
